 Dungeon Crawl Stone Soup version 0.28.0-1-gb440e238dd (webtiles) character file.

Game seed: 14547043648511207987

9 Crownlay the Skirmisher (level 2, -1/27 HPs)
             Began as a Hill Orc Fighter on Feb 20, 2022.
             Killed from afar by Sigmund (3 damage)
             ... with a puff of flame
             ... on level 2 of the Dungeon.
             The game lasted 00:00:45 (851 turns).

Crownlay the Skirmisher (Hill Orc Fighter)           Turns: 851, Time: 00:00:45

Health: -1/27      AC:  6    Str: 18    XL:     2   Next: 12%
Magic:  2/2        EV:  9    Int:  8    God:
Gold:   74         SH:  4    Dex: 10    Spells: 1/1 levels left

rFire   . . .      SeeInvis .   a - +0 war axe
rCold   . . .      Faith    .   c - +0 buckler
rNeg    . . .      Spirit   .   b - +0 scale mail
rPois   .          Reflect  .   (no helmet)
rElec   .          Harm     .   (no cloak)
rCorr   .          Rampage  .   (no gloves)
Will    .....                   (no boots)
Stlth   ..........              (no amulet)
HPRegen 0.09/turn               (no ring)
MPRegen 0.08/turn               (no ring)

@: mighty
A: no striking features
a: no special abilities


You were on level 2 of the Dungeon.
You visited 1 branch of the dungeon, and saw 2 of its levels.

You collected 74 gold pieces.

Inventory:

Hand Weapons
 a - a +0 war axe (weapon)
Armour
 b - a +0 scale mail (worn)
 c - a +0 buckler (worn)
Scrolls
 g - 4 scrolls of identify
 h - a scroll of noise
Potions
 e - a potion of mutation {unknown}
 f - a potion of flight {unknown}


   Skills:
 + Level 4.0 Fighting
 + Level 3.2 Axes
 - Level 3.2 Armour
 - Level 3.2 Shields


You had one spell level left.
You didn't know any spells.
Your spell library contained the following spells:

 Spells                   Type           Power      Damage    Failure   Level
 Fireball                 Conj/Fire      0%         3d3       100%        5
 Iskenderun's Battlesphe  Conj           0%         2d6       100%        5
 Conjure Ball Lightning   Conj/Air       0%         3x3d6     100%        6
 Orb of Destruction       Conj           0%         9d5       100%        7


Dungeon Overview and Level Annotations

Branches:
Dungeon (2/15)

Altars:

Annotations:
D:2 Sigmund


Message History

No target in view!
No target in view!
No target in view!
No target in view!
No target in view!
No target in view!
No target in view!
There is an open door here.
You now have 74 gold pieces (gained 16).
Sigmund the Dreaded comes into view.
He is wielding a +0 scythe.
Sigmund shouts!
You feel very mighty all of a sudden.
Sigmund casts a spell.
Sigmund flickers and vanishes!
Deactivating autopickup; reactivate with Ctrl-A.
No target in view!
No target in view!
No target in view!
No target in view!
An endoplasm comes into view.
The endoplasm quivers.
Something hits you!
You barely miss something. Something hits you but does no damage.
You slash something! Something hits you.
You closely miss something. Something hits you.
You miss something. Something hits you.
You miss something. You hit the endoplasm. The endoplasm closely misses you.
You block the endoplasm's attack.
You closely miss something. You completely miss the endoplasm.
Something hits you!
* * * LOW HITPOINT WARNING * * *
The endoplasm closely misses you.
You closely miss something. You hit the endoplasm.
You kill the endoplasm!
You block something's attack.
You completely miss something.
You hear some strange, mumbled words.
A puff of flame appears from out of thin air!
The puff of flame hits you.
You die...

................#
................#
.............####
.....###.....#####
.....###..........
..................
........##........
........##........
###+#..@#######+##
#....{.# #.#......
#.####..... #
....... .......
..####. ...


There were no monsters in sight!

Vanquished Creatures
  2 bats (D:1)
  2 endoplasms (D:2)
  A goblin (D:1)
  A ball python (D:1)
  A kobold (D:1)
  A rat (D:2)
8 creatures vanquished.

Notes
Turn   | Place    | Note
-------+----------+-------------------------------------------
     0 | D:1      | Crownlay the Hill Orc Fighter began the quest for the Orb.
     0 | D:1      | Reached XP level 1. HP: 19/19 MP: 1/1
   808 | D:2      | Reached XP level 2. HP: 27/27 MP: 2/2
   824 | D:2      | Reached skill level 4 in Fighting
   839 | D:2      | Noticed Sigmund
   851 | D:2      | Killed from afar by Sigmund

Illustrated notes

Levels and vault maps discovered:
D:1:      wander_arrival_desolate, layout_loops_ring
D:2:      layout_basic, shapermc_ecumenical_altar_mp_vishouse, basic_altar,
          uniq_sigmund

Skill      XL: |  1  2 |
---------------+-------+-----
Axes           | 3 |  3.2
Fighting       | 4 |  4.0
Armour         | |  3.2
Shields        | |  3.2

Action                   || total
-------------------------++-------
Melee: War axe           ||    33
  Use: Scroll            ||     1
       Potion            ||     1
Armor: Scale mail        ||    14
Dodge: Dodged            ||    15
Block: Buckler           ||    10
